 Dungeon Crawl Stone Soup version 0.29-a0-234-g0dae59b3db (webtiles) character file.

Game seed: 2691448704584901342

23 spaghetti the Skirmisher (level 2, -9/24 HPs)
             Began as a Mummy Hunter on Mar 3, 2022.
             Mangled by Sigmund
             ... wielding a +0 scythe of venom
              (10 damage)
             ... on level 2 of the Dungeon.
             The game lasted 00:01:39 (1408 turns).

spaghetti the Skirmisher (Mummy Hunter)             Turns: 1408, Time: 00:01:39

Health: -9/24      AC:  5    Str: 15    XL:     2   Next: 75%
Magic:  2/2        EV: 11    Int: 10    God:
Gold:   41         SH:  0    Dex: 12    Spells: 1/1 levels left

rFire   x . .      SeeInvis .   a - +1 hand crossbow (flame) {crossbow}
rCold   + . .      Faith    .   (no shield)
rNeg    + + +      Spirit   .   b - +0 leather armour
rPois   ∞          Reflect  .   (no helmet)
rElec   .          Harm     .   (no cloak)
rCorr   .          Rampage  .   i - +0 pair of gloves
Will    .....                   g - +0 pair of boots
Stlth   +.........              (no amulet)
HPRegen 0.08/turn               (no ring)
MPRegen 0.08/turn               (no ring)

@: no status effects
A: cold resistance 1, negative energy resistance 3, torment resistance 2, heat
vulnerability 1, no potions
a: no special abilities


You were on level 2 of the Dungeon.
You visited 1 branch of the dungeon, and saw 2 of its levels.

You collected 41 gold pieces.


Innate Abilities, Weirdness & Mutations

You are immune to poison.
Your flesh is cold resistant. (rC+)
You are immune to negative energy. (rN+++)
You are immune to unholy pain and torment.
You are vulnerable to heat. (rF-)
You do not drink.


   Skills:
 - Level 3.3 Fighting
 + Level 3.2 Crossbows
 - Level 1.5 Dodging
 - Level 0.7 Stealth


You had one spell level left.
You didn't know any spells.
Your spell library contained the following spells:

 Spells                   Type           Power      Damage    Failure   Level
 Magic Dart               Conj           0%         1d3       43%         1
 Call Imp                 Summ           0%         N/A       56%         2
 Gell's Gravitas          Tloc           0%         N/A       80%         3
 Mephitic Cloud           Conj/Pois/Air  0%         N/A       80%         3
 Teleport Other           Tloc           0%         N/A       80%         3
 Dispersal                Tloc           0%         N/A       100%        6
 Beastly Appendage        Tmut           Unusable   N/A       N/A         1
 Wereblood                Tmut           Unusable   N/A       N/A         2
 Spider Form              Tmut/Pois      Unusable   N/A       N/A         3

Inventory:

Hand Weapons
 a - a +1 hand crossbow of flaming (weapon) {crossbow}
Missiles
 d - 51 stones {throwing}
 h - 3 poisoned darts {throwing}
Armour
 b - a +0 leather armour (worn)
 g - a +0 pair of boots (worn)
   (You found it on level 1 of the Dungeon)
 i - a +0 pair of gloves (worn)
   (You found it on level 1 of the Dungeon)
Scrolls
 c - a scroll of identify {@r1}
 e - a scroll of teleportation {@r4}
 f - a scroll of blinking {!r}

Dungeon Overview and Level Annotations

Branches:
Dungeon (2/15)

Altars:

Annotations:
D:2 Sigmund

##.#...........#.##
#..##.###.###.##..#
##...............##
##.###.###.###.## ####.##
#.# ### #.# #.# #.# #.#
##.## #.#######.##
.####...###...@.{....#
..............!###......#
#.####...####### .#.##.#
##.## .# .# #.# .# # #.#
.. #+# ##


There were no monsters in sight!


Message History

Where to? (Enter - D:1 @ (x,y), ? - help)
There is an open door here.
There is an open door here.
There is a stone staircase leading down here.
You climb downwards.
There is a stone staircase leading up here.
Unknown command.
Unknown command.
A frilled lizard comes into view.
A frilled lizard is nearby!
A frilled lizard is nearby!
You shoot a bolt. The frilled lizard hisses angrily.
The bolt hits the frilled lizard but does no damage.
You shoot a bolt.
The bolt closely misses the frilled lizard.
You shoot a bolt.
The bolt barely misses the frilled lizard.
You shoot a bolt. The bolt hits the frilled lizard.
You kill the frilled lizard!
No target in view!
Key pressed, stopping explore.
Found a stone staircase leading up.
You open the door.
There is an open door here.
Found a stone staircase leading down.
j - a scroll labelled ANOOCKUIQESK No target in view!
You open the door.
There is an open door here.
Key pressed, stopping explore.
As you read the scroll labelled ANOOCKUIQESK, it crumbles to dust.
It is a scroll of brand weapon.
Your +1 hand crossbow {crossbow} is engulfed in flames!
a - a +1 hand crossbow of flaming (weapon)
{crossbow} Sigmund and a ball python come into view.
Sigmund is wielding a +0 scythe of venom.
Sigmund shouts!
Sigmund gestures wildly while chanting.
Sigmund flickers and vanishes!
Deactivating autopickup; reactivate with Ctrl-A.
You shoot a bolt.
The bolt closely misses the ball python.
The ball python hisses angrily.
You are confused.
You are too confused!
You bump into the rock wall.
The ball python barely misses you. The ball python closely misses you.
You're too confused to move!
The ball python barely misses you. x2
You bump into the rock wall.
You feel less confused. The ball python closely misses you.
The ball python grabs you. The ball python constricts you.
The ball python's grasp on you weakens, but your attempt to escape fails.
Something hits you! The ball python closely misses you.
The ball python constricts you. 😮 HP[-7]
You take 7 damage, and now have 17/24 hp.
MASSIVE DAMAGE!! (PAUSE)
You escape the ball python's grasp.
Shoot: a) +1 hand crossbow (flame) {crossbow}
Press: ? - help, Q - select action, (/) - cycle Shift-Dir - straight line, f/p - ball python
Aim: a ball python (58% to hit)
You shoot a bolt. The bolt barely misses the ball python.
The ball python misses you. The ball python closely misses you.
Something hits you!
* * * LOW HITPOINT WARNING * * *
😨 HP[-7]
You take 7 damage, and now have 10/24 hp.
MASSIVE DAMAGE!! (PAUSE) Shoot: a) +1 hand crossbow (flame) {crossbow}
Press: ? - help, Q - select action, (/) - cycle Shift-Dir - straight line, f/p - ball python
Aim: a ball python (58% to hit)
You shoot a bolt.
The bolt closely misses the ball python.
The ball python bites you but does no damage.
The ball python barely misses you.
The ball python bites you but does no damage.
The ball python barely misses you. Something barely misses you.
Shoot: a) +1 hand crossbow (flame) {crossbow}
Press: ? - help, Q - select action, (/) - cycle Shift-Dir - straight line, f/p - ball python
Aim: a ball python (58% to hit)
You shoot a bolt. The bolt hits the ball python.
The bolt burns the ball python.
You kill the ball python!
Something hits you!
* * * LOW HITPOINT WARNING * * *
😱 HP[-9]
You take 9 damage, and now have 1/24 hp.
MASSIVE DAMAGE!! (PAUSE) Shoot: a) +1 hand crossbow (flame) {crossbow}
Press: ? - help, Q - select action, (/) - cycle Shift-Dir - straight line, f - you
Okay, then.
Shoot: a) +1 hand crossbow (flame) {crossbow}
Press: ? - help, Q - select action, (/) - cycle Shift-Dir - straight line You shoot a bolt.
Something hits you!
You die...

Skill      XL: |  1  2 |
---------------+-------+-----
Fighting       | 3 |  3.3
Crossbows      | |  3.2
Dodging        | |  1.5
Stealth        | |  0.7

Action                   || total
-------------------------++-------
 Fire: Hand crossbow     ||    57
  Use: Scroll            ||     4
Armor: Leather armour    ||     3
Dodge: Dodged            ||    26

Levels and vault maps discovered:
D:1:      elethiomel_arrival_quiet, layout_basic
D:2:      layout_loops_corners, nicolae_concentric_dashed_squares_wild,
          minmay_diced_spiral, uniq_sigmund

Notes
Turn   | Place    | Note
-------+----------+-------------------------------------------
     0 | D:1      | spaghetti the Mummy Hunter began the quest for the Orb.
     0 | D:1      | Reached XP level 1. HP: 16/16 MP: 1/1
     0 | D:1      | magus.rc [v1.9.6]
   155 | D:1      | Reached XP level 2. HP: 16/23 MP: 2/2
   371 | D:1      | Reached skill level 3 in Fighting
   375 | D:1      | You pick up a book of Changes and begin reading...
   720 | D:1      | You add the spells Gell's Gravitas, Teleport Other and
                  | Dispersal to your library.
   858 | D:1      | You pick up a book of Minor Magic and begin reading...
   858 | D:1      | You add the spells Magic Dart, Call Imp and Mephitic Cloud
                  | to your library.
  1396 | D:2      | Noticed Sigmund
  1407 | D:2      | HP: 1/24 [something (9)]
  1408 | D:2      | Mangled by Sigmund

Vanquished Creatures
  4 endoplasms (D:1)
  A giant cockroach (D:1)
  A goblin (D:1)
  3 hobgoblins (D:1)
  A quokka (D:1)
  6 ball pythons
  A bat (D:1)
  A frilled lizard (D:2)
  A kobold (D:1)
  4 rats (D:1)
23 creatures vanquished.

Table legend:
 A = Non-vault XP
 B = Vault XP
 C = Vault XP percentage of total XP
 D = Non-vault monster count
 E = Vault monster count
 F = Vault count percentage of total count
                 A         B        C        D         E       F
            +---------+---------+-------+---------+---------+-------
      Total |      34 |       0 |   0.0 |      23 |       0 |   0.0
            +---------+---------+-------+---------+---------+-------
        D:1 |      32 |       0 |   0.0 |      21 |       0 |   0.0
        D:2 |       2 |       0 |   0.0 |       2 |       0 |   0.0
            +---------+---------+-------+---------+---------+-------

Illustrated notes

Table legend:
 A = Kills in this place as a percentage of kills in entire the game.
 B = Kills by you in this place as a percentage of kills by you in the entire game.
 C = Kills by friends in this place as a percentage of kills by friends in the entire game.
 D = Other kills in this place as a percentage of other kills in the entire game.
 E = Experience gained in this place as a percentage of experience gained in the entire game.
 F = Experience gained in this place divided by the number of levels of this place that you have seen.
                   A       B       C       D       E      F
               +-------+-------+-------+-------+-------+----------------------
         Total | 100.0 | 100.0 |   N/A |   N/A | 100.0 |  17.0
       Dungeon | 100.0 | 100.0 |   N/A |   N/A | 100.0 |  17.0
               +-------+-------+-------+-------+-------+----------------------

Table legend: (Time is in decaauts)
 A = Elapsed time spent in this place.
 B = Non-inter-level travel time spent in this place.
 C = Inter-level travel time spent in this place.
 D = Time resting spent in this place.
 E = Time spent auto-exploring this place.
 F = Levels seen in this place.
 G = Mean time per level.
                   A        B        C        D        E       F      G
               +--------+--------+--------+--------+--------+-----+--------+
         Total |   1429 |   1351 |     78 |    196 |   1014 |   2 |  714.5 |
       Dungeon |   1429 |   1351 |     78 |    196 |   1014 |   2 |  714.5 |
               +--------+--------+--------+--------+--------+-----+--------+

Top non-repeatable levels by time:
     D:1: 1227 daAuts
     D:2: 201 daAuts
